Match 33611143
Unlisted

Match 33611143
End
Construct Infanterie Kompanie
Pioneer Squad
Selects Breakthrough Battlegroup
Selects Assault Grenadiers
Grenadier Squad
Grenadier Squad
Grenadier Squad
Construct Panzergrenadier Kompanie
Panzergrenadier Squad
Construct Panzer Kompanie
Pak 40 Anti-tank Gun Team
Selects Rapid Production
Selects Blitzkrieg
Panzer IV Medium Tank
Panzergrenadier Squad
Sturmpanzer IV Brummbär
Medical Station
Pak 40 Anti-tank Gun Team
Selects Tiger Heavy Tank
Tiger Heavy Tank
Pak 40 Anti-tank Gun Team
Pak 40 Anti-tank Gun Team
Selects Breakthrough
Blitzkrieg
Breakthrough
Selects Incendiary Bombing Run
Incendiary Bombing Run
Tiger Heavy Tank
Pak 40 Anti-tank Gun Team
Panzergrenadier Squad
Incendiary Bombing Run
Blitzkrieg
Sturmpanzer IV Brummbär
Belgian Luftwaffle
Wolf 0815
Charley's
Cpt Darling
I SikhWarrior I
.Mercury-uK
Some_Devil
UrMum
0
0

Comments sign in to comment!

No comments posted yet!